AoeStats
← PiroTrix

Arabia

508979295Analyzed
1v1 RM · 7d ago on Sep 24, 2026· 23m 50s· 2 players
Game mode
Random Map
Map size
Tiny (2 player)
Population
200
Speed
Normal
Resources
Standard
Victory
Conquest
Starting age
Dark Age
Ending age
Imperial Age
RankedLock teamsTeams togetherTeam positionsShared explorationLock speedFull tech treeHidden civsTurbo modeCheats
Victory
Defeat
🇺🇸 Teutons · United States
824
+14
🇨🇱 Franks · Chile
782
-28
PiroTrix
11:04 Feudal Age
11:52 Double-Bit Axe
11:32 Man-at-Arms
21:15 Padded Archer Armor
21:28 Forging
21:24 Scale Barding Armor
23:21 Wheelbarrow
AshamanKirk
12:47 Feudal Age
11:04 Loom
15:06 Horse Collar
19:17 Castle Age
18:09 Stone Mining
19:45 Double-Bit Axe
20:08 Fletching
22:16 Town Watch
Connection lost

Rejoining the realm…

Still unreachable

The connection could not be restored.

Session expired

The server has moved on; the page needs a fresh start.